 Dungeon Crawl Stone Soup version 0.29.1-2-gbd0b4ee654 (webtiles) character file.

Game seed: 13140059047016480598

1785 KittyFluff the Basher (level 9, 0/81 HPs)
             Began as a Gargoyle Berserker on Nov 14, 2022.
             Was an Elder of Trog.
             Slain by a boulder beetle (20 damage)
             ... on level 8 of the Dungeon on Nov 15, 2022.
             The game lasted 00:25:53 (6379 turns).

KittyFluff the Basher (Gargoyle Berserker)          Turns: 6379, Time: 00:25:54

Health: 0/81       AC: 13    Str: 22    XL:     9   Next: 8%
Magic:  9/9        EV: 17    Int:  7    God:    Trog [****..]
Gold:   219        SH:  0    Dex: 13    Spells: 8/8 levels left

rFire   + . .      SeeInvis +   a - +4 mace
rCold   + . .      Faith    .   (no shield)
rNeg    + . .      Spirit   .   y - +0 leather armour
rPois   ∞          Reflect  .   t - +2 helmet
rElec   +          Harm     .   C - scarf {rC+ rF+}
rCorr   .          Rampage  .   (no gloves)
Will    .....                   (no boots)
Stlth   ..........              (no amulet)
HPRegen 0.23/turn               o - ring of see invisible
MPRegen 0.11/turn               u - +4 ring of evasion

@: berserking, very quick
A: sickness immunity, AC +6, negative energy resistance 1, electricity
resistance, torment resistance 1, petrification resistance
a: Renounce Religion, Berserk, Trog's Hand, Brothers in Arms


You were on level 8 of the Dungeon.
You worshipped Trog.
Trog was greatly pleased with you.
You visited 1 branch of the dungeon, and saw 8 of its levels.

You collected 219 gold pieces.

Inventory:

Hand Weapons
 a - a +4 mace (weapon)
 B - a +0 morningstar
Missiles
 d - 21 poisoned darts (quivered)
 m - 4 silver javelins
 w - 2 boomerangs
 F - 5 boomerangs of dispersal
 G - a curare-tipped dart
Armour
 h - a scarf of shadows
 s - a +2 ring mail of cold resistance
 t - a +2 helmet (worn)
 y - a +0 leather armour (worn)
 C - a scarf of resistance (worn)
Jewellery
 o - a ring of see invisible (left hand)
 u - a +4 ring of evasion (right hand)
 v - a ring of fire
Wands
 x - a wand of polymorph (9)
 D - a wand of roots (12)
Scrolls
 b - a scroll of torment {unknown}
 c - 5 scrolls of identify
 g - a scroll of vulnerability {unknown}
 i - 2 scrolls of amnesia {unknown}
 k - a scroll of fog {unknown}
 l - a scroll of enchant weapon {unknown}
 p - 2 scrolls of enchant armour {unknown}
 q - 3 scrolls of teleportation {unknown}
 r - a scroll of fear
 A - 3 scrolls of blinking {unknown}
Potions
 e - 2 potions of haste
 f - 3 potions of attraction
 j - 3 potions of curing
 n - a potion of heal wounds
 z - a potion of lignification
 E - a potion of mutation


   Skills:
 + Level 5.5 Fighting
 + Level 8.1 Maces & Flails
 * Level 1.5 Throwing
 * Level 5.8 Armour
 + Level 4.0 Dodging
 + Level 3.0 Stealth


You had 8 spell levels left.
You didn't know any spells.
Your spell library was empty.

Dungeon Overview and Level Annotations

Branches:
Dungeon (7/15)             Temple (0/1) D:7

Altars:
Kikubaaqudgha
Trog
Vehumet
Xom

Shops:
D:2 (


Innate Abilities, Weirdness & Mutations

You are immune to sickness and miasma.
Your stone body is resilient. (AC +6)
You are immune to poison.
You resist negative energy. (rN+)
You are resistant to electric shocks. (rElec)
You are resistant to unholy torment.
You are immune to petrification.


Message History

You miss the hound. The hound misses you.
The hound bites you but does no damage.
You sock the hound!
The hound is heavily wounded.
The hound misses you.
You miss the hound.
The hound is heavily wounded.
The hound closely misses you. The hound barely misses you.
You closely miss the hound.
The hound is heavily wounded.
The hound closely misses you.
You thump the hound!
You kill the hound!
Trog accepts your kill.
You open the door.
A centaur comes into view.
There is an open door here.
A sourceless malevolence fills the Dungeon...
You fall into a shaft and drop 1 floor!
The shaft crumbles and collapses.
Found a scroll of fear.
A boulder beetle comes into view.
The boulder beetle curls into a ball and begins rolling!
The boulder beetle hits you!!
The boulder beetle stops rolling and uncurls.
You see here a scroll of fear.
You hit the boulder beetle.
The boulder beetle is lightly wounded.
The boulder beetle bites you.
You hit the boulder beetle but do no damage.
The boulder beetle is lightly wounded.
The boulder beetle bites you but does no damage.
You hit the boulder beetle. Your punch misses the boulder beetle.
The boulder beetle is lightly wounded.
The boulder beetle bites you!
* * * LOW HITPOINT WARNING * * *
A red film seems to cover your vision as you go berserk!
You feel yourself moving faster!
You feel mighty! The boulder beetle bites you!!
You die...

#. .. #.
########## #.
#........# #.
#.######.#
#.###.#
#.#.....######.
#..B@..........
###############


You could see a boulder beetle.

Vanquished Creatures
  2 ice beasts
  A black bear (D:6)
  A centaur (D:6)
  2 phantoms (D:4)
  A kobold brigand (D:6)
  2 bullfrogs (D:6)
  A gnoll sergeant (D:5)
  3 scorpions
  A necrophage (D:6)
  A howler monkey (D:5)
  8 hounds
  2 orc priests (D:6)
  2 jellies
  3 iguanas (D:5)
  4 orc wizards
  4 gnolls (D:5)
  6 adders
  2 white imps (D:6)
  4 ufetubi
  5 worms
  9 orcs
  11 ball pythons
  7 bats
  10 endoplasms
  A giant cockroach (D:2)
  4 goblins
  9 hobgoblins
  4 jackals (D:5)
  13 kobolds
  2 quokkas
  2 frilled lizards
  2 rats
129 creatures vanquished.

Vanquished Creatures (others)
  7 plants (D:5)
7 creatures vanquished.

Grand Total: 136 creatures vanquished

Notes
Turn   | Place    | Note
-------+----------+-------------------------------------------
     0 | D:1      | KittyFluff the Gargoyle Berserker began the quest for the
                  | Orb.
     0 | D:1      | Reached XP level 1. HP: 14/14 MP: 1/1
   181 | D:1      | Reached XP level 2. HP: 19/19 MP: 2/2
   469 | D:2      | Found Hitech's Antique Weapon Shop.
   697 | D:2      | Reached XP level 3. HP: 23/24 MP: 3/3
  1194 | D:2      | Reached ** piety under Trog
  2121 | D:3      | Found a faded altar of an unknown god.
  2169 | D:3      | Reached skill level 4 in Maces & Flails
  2169 | D:3      | Reached XP level 4. HP: 27/29 MP: 4/4
  2243 | D:3      | Found a radiant altar of Vehumet.
  2250 | D:3      | Found a shimmering altar of Xom.
  2256 | D:3      | Found a bloodstained altar of Trog.
  3055 | D:4      | Noticed a phantom
  3071 | D:4      | Killed a phantom
  3072 | D:4      | Reached skill level 1 in Stealth
  3072 | D:4      | Reached XP level 5. HP: 33/33 MP: 5/5
  3346 | D:4      | Noticed a phantom
  3354 | D:4      | Reached *** piety under Trog
  3355 | D:4      | Reached XP level 6. HP: 38/38 MP: 6/6
  3367 | D:4      | Reached skill level 5 in Maces & Flails
  3935 | D:5      | Entered Level 5 of the Dungeon
  3997 | D:5      | Reached XP level 7. HP: 43/44 MP: 7/7
  4087 | D:5      | Found an ancient bone altar of Kikubaaqudgha.
  4300 | D:5      | Reached skill level 6 in Maces & Flails
  4734 | D:5      | Reached XP level 8. HP: 42/48 MP: 8/8
  4890 | D:5      | Reached **** piety under Trog
  5205 | D:6      | Reached skill level 7 in Maces & Flails
  5205 | D:6      | Reached skill level 5 in Armour
  5213 | D:6      | Reached skill level 5 in Fighting
  5831 | D:6      | Reached skill level 1 in Throwing
  5913 | D:6      | Reached skill level 8 in Maces & Flails
  5913 | D:6      | Reached XP level 9. HP: 54/54 MP: 9/9
  6239 | D:7      | Found a staircase to the Ecumenical Temple.
  6366 | D:7      | You fall into a shaft and drop 1 floor!
  6372 | D:8      | Noticed a boulder beetle
  6379 | D:8      | Slain by a boulder beetle

Illustrated notes

Levels and vault maps discovered:
D:1:      dpeg_arrival_rooms_c, layout_basic
D:2:      layout_basic, serial_shops, shop
D:3:      layout_basic, minmay_overflow_temple_star_quad,
          shapermc_ecumenical_altar_mp_ritualfount
D:4:      nicolae_cairo_tiling_very_big, layout_basic, st_stairs_7,
          chequers_serial_rivers_large_b, minmay_misc_feat_rows
D:5:      layout_loops_ring, lemuel_tele_altar, grunt_ministairs_9,
          nicolae_grassy_gnolls
D:6:      layout_basic, serial_park_tiny_pond, nrook_campfire,
          nicolae_concentric_dashed_squares_wild, kennysheep_generic_room_6
D:7:      layout_basic, minmay_temple_entry_antechambers,
          chequers_serial_rivers_micro_e
D:8:      layout_loops_ring, amcnicky_mini_corridor_feature

Skill      XL: |  1  2  3  4  5  6  7  8  9 |
---------------+----------------------------+-----
Maces & Flails | 4 5 6 8 |  8.1
Armour         | 3 4 5 |  5.8
Fighting       | 4 5 |  5.5
Dodging        | 2 3 4 |  4.0
Stealth        | 1 2 3 |  3.0
Throwing       | 1 |  1.5

Action                   |  1- 3 |  4- 6 |  7- 9 || total
-------------------------+-------+-------+-------++-------
Melee: Mace              |    84 |   111 |   216 ||   411
       Punch             |     1 |     2 |     2 ||     5
Invok: Berserk           |     1 |     1 |     4 ||     6
  Use: Scroll            |       |     5 |     3 ||     8
 Stab: Sleeping          |     1 |     1 |     2 ||     4
Armor: Animal skin       |    40 |    27 |       ||    67
       Leather armour    |       |       |    80 ||    80
Dodge: Dodged            |    52 |    73 |   195 ||   320
